 Dungeon Crawl Stone Soup version 0.29-a0-371-g91724d5b39 (webtiles) character file.

Game seed: 4563074938804947430

5 Hubjo the Firebug (level 1, 0/11 HPs)
             Began as a Deep Elf Fire Elementalist on May 2, 2022.
             Was a Follower of Okawaru.
             Slain by a bat (1 damage)
             ... on level 1 of the Dungeon.
             The game lasted 00:00:45 (508 turns).

Hubjo the Firebug (Deep Elf Fire Elementalist)       Turns: 508, Time: 00:00:45

Health: 0/11       AC:  2    Str:  5    XL:     1   Next: 66%
Magic:  6/6        EV: 12    Int: 19    God:    Okawaru [*.....]
Gold:   13         SH:  0    Dex: 15    Spells: 5/6 levels left

rFire   . . .      SeeInvis .   (no weapon)
rCold   . . .      Faith    .   (no shield)
rNeg    . . .      Spirit   .   a - +0 robe
rPois   .          Reflect  .   (no helmet)
rElec   .          Harm     .   (no cloak)
rCorr   .          Rampage  .   (no gloves)
Will    .....                   (no boots)
Stlth   ++........              (no amulet)
HPRegen 0.03/turn               (no ring)
MPRegen 0.10/turn               (no ring)

@: no status effects
A: no striking features
a: Renounce Religion, Heroism


You were on level 1 of the Dungeon.
You worshipped Okawaru.
Okawaru was aware of your devotion.
You visited 1 branch of the dungeon, and saw 1 of its levels.

You collected 13 gold pieces.

Inventory:

Armour
 a - a +0 robe (worn)
Scrolls
 c - a scroll of enchant armour {unknown}
Potions
 b - a potion of magic
 d - a potion of ambrosia {unknown}


   Skills:
 * Level 0.4 Fighting
 - Level 2.4 Dodging
 + Level 2.6 Stealth
 + Level 3.1 Spellcasting
 - Level 1.1 Conjurations
 + Level 3.3 Fire Magic


You had 5 spell levels left.
You knew the following spells:

 Your Spells              Type           Power      Damage    Failure   Level
a - Foxfire               Conj/Fire      44%        2x1d6     6%          1

Your spell library contained the following spells:

 Spells                   Type           Power      Damage    Failure   Level
 Scorch                   Fire           30%        2d7       5%          2
 Conjure Flame            Conj/Fire      11%        6-21      19%         3
 Sublimation of Blood     Necr           2%         N/A       22%         2
 Wereblood                Tmut           2%         N/A       22%         2
 Inner Flame              Hex/Fire       9%         N/A       22%         3
 Flame Wave               Conj/Fire      11%        2d5       52%         4
 Summon Hydra             Summ           Unusable   N/A       N/A         7

Dungeon Overview and Level Annotations

Branches:
Dungeon (1/15)

Altars:
Okawaru


Message History

The bat closely misses you. The bat barely misses you. The bat misses you.
The bat misses you. The bat barely misses you. The bat barely misses you.
The bat barely misses you. The bat closely misses you.
The bat closely misses you. The bat misses you. The bat closely misses you.
The bat hits you but does no damage. The bat closely misses you.
The bat hits you but does no damage. The bat closely misses you.
The bat hits you but does no damage. The bat closely misses you.
The bat closely misses you. The bat closely misses you.
The bat completely misses you. The bat closely misses you.
The bat barely misses you. x2; The bat misses you.
The bat barely misses you. The bat hits you but does no damage.
The bat closely misses you. The bat misses you. The bat barely misses you.
The bat closely misses you. The bat hits you but does no damage.
The bat closely misses you. The bat hits you but does no damage.
The bat barely misses you. The bat hits you but does no damage.
The bat closely misses you. The bat hits you.
* * * LOW HITPOINT WARNING * * *
The bat hits you but does no damage. The bat barely misses you.
The bat closely misses you. The bat misses you. The bat closely misses you.
The bat hits you.
* * * LOW HITPOINT WARNING * * *
The bat barely misses you. The bat completely misses you.
The bat hits you but does no damage. The bat hits you.
You die...

#...# #.# #...# # #.#
#...# # #.# #..>########
#######.# #...........
#.......# #...###.....
........# #.#.# #.....
#.......#######.###....)
......b@................
###############.########
#.# #.# #.# #.# ... #.#


You could see a bat.

Vanquished Creatures
  A ball python (D:1)
  A bat (D:1)
  2 goblins (D:1)
4 creatures vanquished.

Vanquished Creatures (collateral kills)
  2 foxfires (D:1)
2 creatures vanquished.

Vanquished Creatures (others)
  18 foxfires (D:1)
18 creatures vanquished.

Grand Total: 24 creatures vanquished

Notes
Turn   | Place    | Note
-------+----------+-------------------------------------------
     0 | D:1      | Hubjo the Deep Elf Fire Elementalist began the quest for
                  | the Orb.
     0 | D:1      | Reached XP level 1. HP: 10/10 MP: 6/6
   227 | D:1      | Found a faded altar of an unknown god.
   261 | D:1      | Prayed at the altar of an unknown god.
   261 | D:1      | Became a worshipper of Warmaster Okawaru
   261 | D:1      | Reached * piety under Okawaru
   508 | D:1      | Slain by a bat

Illustrated notes

Levels and vault maps discovered:
D:1:      ncdulo_wetmaze, layout_basic, shapermc_ecumenical_altar_ellora

Action                   || total
-------------------------++-------
Melee: Unarmed           ||     4
 Cast: Foxfire           ||    16
Armor: Robe              ||    23
Dodge: Dodged            ||    71

Table legend: (Time is in decaauts)
 A = Elapsed time spent in this place.
 B = Non-inter-level travel time spent in this place.
 C = Inter-level travel time spent in this place.
 D = Time resting spent in this place.
 E = Time spent auto-exploring this place.
 F = Levels seen in this place.
 G = Mean time per level.
                   A        B        C        D        E       F      G
               +--------+--------+--------+--------+--------+-----+--------+
         Total |    515 |    511 |      4 |      0 |    331 |   1 |  515.0 |
       Dungeon |    515 |    511 |      4 |      0 |    331 |   1 |  515.0 |
               +--------+--------+--------+--------+--------+-----+--------+

Top non-repeatable levels by time:
     D:1: 515 daAuts
